 Dungeon Crawl Stone Soup version 0.25.0-26-g0c896c7088 (webtiles) character file.

Game seed: 5371525549348685805

3084 Delamore the Fighter (level 9, -1/61 HPs)
             Began as a Gargoyle Fighter on July 1, 2020.
             Was a Follower of Qazlal.
             Hit by a stone thrown by an orc warrior (3 damage)
             ... on level 7 of the Dungeon.
             The game lasted 00:07:34 (7845 turns).

Delamore the Fighter (Gargoyle Fighter)             Turns: 7845, Time: 00:07:34

Health: -1/61      AC: 17    Str: 22    XL:     9   Next: 89%
Magic:  9/9        EV:  7    Int: 10    God:    Qazlal [*.....]
Gold:   175        SH:  7    Dex:  9    Spells: 8/8 levels left

rFire    . . .     SeeInvis .   u - +7 dagger "Deghad" {vorpal, Fragile rC+ rN+++}
rCold    + . .     Gourm    .   m - +0 buckler
rNeg     + + +     Faith    .   B - +0 chain mail
rPois    ∞         Spirit   .   (no helmet)
rElec    +         Reflect  .   h - +0 cloak
rCorr    .         Harm     .   w - +0 pair of gloves
MR       .....                  (no boots)
Stlth    ..........             (no amulet)
HPRegen  0.20/turn              (no ring)
MPRegen  0.11/turn              (no ring)

@: no status effects
A: negative energy resistance 1, electricity resistance, unbreathing,
petrification resistance, rot immunity, AC +6
a: Renounce Religion


You were on level 7 of the Dungeon.
You worshipped Qazlal.
Qazlal was aware of your devotion.
You were not hungry.

You visited 2 branches of the dungeon, and saw 8 of its levels.

You collected 359 gold pieces.
You spent 184 gold pieces at shops.

Inventory:

Hand Weapons
 a - the +10 mace of Traps {chaos, MR+ Int+3}
   (You bought it in a shop on level 6 of the Dungeon)

   Each time it hits an enemy it has a different, random effect.
   It affects your intelligence (+3).
   It affects your resistance to hostile enchantments.
 u - the +7 dagger "Deghad" (weapon) {vorpal, Fragile rC+ rN+++}
   (You found it on level 4 of the Dungeon)

   It inflicts extra damage upon your enemies.
   It protects you from cold.
   It renders you almost immune to negative energy.
   It will be destroyed if unequipped.
 A - a +0 flail of protection
Missiles
 z - 10 atropa-tipped darts (quivered)
Armour
 c - a +0 kite shield
 h - a +0 cloak (worn)
 m - a +0 buckler (worn)
 w - a +0 pair of gloves (worn)
 B - a +0 chain mail (worn)
Wands
 D - a wand of iceblast (9)
Scrolls
 e - 5 scrolls of identify
 g - 2 scrolls of enchant weapon {unknown}
 i - 2 scrolls of fog {unknown}
 k - 2 scrolls of fear
 o - 3 scrolls of magic mapping {unknown}
 p - 7 scrolls of remove curse
 q - a scroll of noise {unknown}
 t - 2 scrolls of teleportation {unknown}
 x - 2 scrolls of enchant armour {unknown}
 y - a scroll of holy word {unknown}
Potions
 d - 2 potions of might
 j - a potion of heal wounds {unknown}
 l - a potion of resistance
 n - 7 potions of haste {unknown}
 r - 2 potions of brilliance {unknown}
 s - a potion of curing {unknown}
 v - a potion of stabbing {unknown}
 C - a potion of mutation {unknown}
 E - a potion of berserk rage {unknown}
Comestibles
 f - 12 rations


   Skills:
 + Level 9.5 Fighting
 - Level 4.9 Maces & Flails
 - Level 3.2 Armour
 + Level 8.0 Stealth
 + Level 8.2 Shields


You had 8 spell levels left.
You didn't know any spells.
Your spell library was empty.

Dungeon Overview and Level Annotations

Branches:
Dungeon (7/15)             Temple (1/1) D:4

Altars:
Cheibriados
Dithmenos
Fedhas
Gozag
Hepliaklqana
Makhleb
Nemelex Xobeh
Qazlal
Ru
Sif Muna
Trog
Uskayaw
Wu Jian
Xom
Yredelemnul
Zin
The Shining One
Lugonu

Shops:
D:6 (:%


Innate Abilities, Weirdness & Mutations

You are resistant to torment.
Your stone body is resilient. (AC +6)
You are immune to poison.
You resist negative energy. (rN+)
You are resistant to electric shocks. (rElec)
You can survive without breathing.
You are immune to petrification.
You are immune to rotting.


Message History

The orc warrior is moderately wounded.
The orc warrior hits you with a +0 mace.
You hit the orc warrior.
The orc warrior is heavily wounded.
The orc warrior hits you but does no damage.
You hit the orc warrior but do no damage.
The orc warrior is heavily wounded.
The orc warrior hits you with a +0 mace.
You hit the orc warrior but do no damage.
The orc warrior is heavily wounded.
The orc warrior hits you with a +0 mace!
* * * LOW HITPOINT WARNING * * *
You closely miss the orc warrior.
The orc warrior is heavily wounded.
The orc warrior hits you with a +0 mace.
* * * LOW HITPOINT WARNING * * *
Items here: ( ) [ † a +0 leather armour; a +0 trident; a stone; an orc corpse The orc warrior throws a stone.
The stone hits you.
You die...

#..###.#####...#
#.####@.####a #..# #.# #...#
#.##.(..# ## ##.###.# #.<.#
#...(##.### #.....## #...#
#..#......# #......# #...#
#.......#.#
#.÷....####...######...##.#.#
#.#.#............o..(..##.# #
#.#)..........(§............
#..)#........(@[.....####..#
#...##.##.#.<.#.####.# .#
#......##.#...#.# #... #
##.)#####.#...#.# ##### #..#
#.#...#.# #..# #.#...#># #..#
#.......# ...# ####.....
...## #####


You could see an orc warrior.

Vanquished Creatures
  Joseph (D:6)
  Eustachio (D:6)
  Edmund (D:5)
  2 orc warriors
  A black bear (D:6)
  2 sky beasts (D:5)
  An ice beast (D:5)
  2 ogres
  A phantom (D:7)
  2 centaurs
  4 bullfrogs
  A wyvern zombie (D:6)
  A water moccasin skeleton (D:7)
  An electric eel (D:6)
  A howler monkey (D:6)
  2 crimson imps
  2 jellies
  5 hounds
  4 orc priests
  8 orc wizards
  2 iguanas
  5 worker ants
  A killer bee zombie (D:6)
  A howler monkey zombie (D:7)
  4 gnolls (D:5)
  2 howler monkey skeletons
  10 adders
  3 shadow imps
  4 oozes
  A worm (D:6)
  3 dart slugs
  4 leopard geckos
  29 orcs
  8 bats
  6 giant cockroaches
  5 goblins
  A hobgoblin (D:3)
  12 jackals
  7 kobolds
  6 quokkas
  A ball python (D:3)
  5 frilled lizards
  A leopard gecko skeleton (D:4)
  A quokka skeleton (D:4)
  7 rats
172 creatures vanquished.

Vanquished Creatures (others)
  An orc wizard (D:7)
1 creature vanquished.

Grand Total: 173 creatures vanquished

Notes
Turn   | Place    | Note
-------+----------+-------------------------------------------
     0 | D:1      | Delamore the Gargoyle Fighter began the quest for the Orb.
     0 | D:1      | Reached XP level 1. HP: 14/14 MP: 1/1
   230 | D:1      | Reached XP level 2. HP: 18/19 MP: 2/2
   583 | D:1      | Reached XP level 3. HP: 24/24 MP: 3/3
   679 | D:2      | Reached skill level 4 in Fighting
   982 | D:2      | Reached XP level 4. HP: 29/29 MP: 4/4
  1134 | D:2      | Found a glowing silver altar of Zin.
  1677 | D:3      | Reached XP level 5. HP: 34/34 MP: 5/5
  2137 | D:4      | Reached skill level 5 in Fighting
  2156 | D:4      | Got a twisted dagger
  2157 | D:4      | Identified the +7 dagger "Deghad" {vorpal, Fragile rC+
                  | rN+++} (You found it on level 4 of the Dungeon)
  2172 | D:4      | Found a sparkling altar of Nemelex Xobeh.
  2196 | D:4      | Noticed an ogre
  2203 | D:4      | Killed an ogre
  2203 | D:4      | Reached XP level 6. HP: 38/40 MP: 6/6
  2621 | D:4      | Found a staircase to the Ecumenical Temple.
  2755 | Temple   | Entered the Ecumenical Temple
  2868 | Temple   | Became a worshipper of Qazlal Stormbringer
  2910 | D:5      | Entered Level 5 of the Dungeon
  2926 | D:5      | Reached skill level 6 in Fighting
  2932 | D:5      | Reached skill level 1 in Stealth
  2932 | D:5      | Reached XP level 7. HP: 32/46 MP: 7/7
  3494 | D:5      | Reached skill level 7 in Fighting
  3494 | D:5      | Reached skill level 5 in Shields
  3494 | D:5      | Reached XP level 8. HP: 47/53 MP: 8/8
  3542 | D:5      | Reached * piety under Qazlal
  3832 | D:5      | Found a bloodstained altar of Trog.
  3890 | D:5      | Found a shadowy altar of Dithmenos.
  4197 | D:5      | Noticed Edmund
  4256 | D:5      | Killed Edmund
  4256 | D:5      | Reached skill level 5 in Stealth
  4331 | D:6      | Found Azifat's Antique Weapon Shoppe.
  4334 | D:6      | Bought a smoking mace for 184 gold pieces
  4335 | D:6      | Identified the +10 mace of Traps {chaos, MR+ Int+3} (You
                  | bought it in a shop on level 6 of the Dungeon)
  4488 | D:6      | Noticed Eustachio
  4503 | D:6      | Killed Eustachio
  4503 | D:6      | Reached skill level 8 in Fighting
  4576 | D:6      | Found an opulent altar of Gozag.
  4860 | D:6      | Reached XP level 9. HP: 40/59 MP: 9/9
  5245 | D:6      | Found Raerghus's Food Shop.
  5251 | D:6      | Found Naviar's Book Emporium.
  5669 | D:6      | Found a snail-covered altar of Cheibriados.
  6460 | D:6      | Found a shimmering blue altar of Sif Muna.
  6677 | D:7      | Reached skill level 9 in Fighting
  7036 | D:7      | Noticed Joseph
  7076 | D:7      | HP: 3/60 [worker ant (3)]
  7083 | D:6      | HP: 1/60 [worker ant (3)]
  7084 | D:6      | Reached ** piety under Qazlal
  7416 | D:6      | Killed Joseph
  7843 | D:7      | HP: 2/61 [orc warrior/+0 mace (6)]
  7845 | D:7      | Hit by a stone thrown by an orc warrior

Illustrated notes

Levels and vault maps discovered:
D:1:      ncdulo_lavacross, layout_rooms
D:2:      layout_rooms, zin_academy
D:3:      layout_loops_cross
D:4:      layout_cave_pools, kennysheep_mini, minmay_temple_entry_poolview,
          first_ration
D:5:      layout_loops_cross, lemuel_coloured_pillars_altar,
          grunt_dithmenos_smoke_and_mirrors, uniq_edmund
D:6:      layout_loops_corners, marbit_many_paths, cheibrodos_worm_habitat,
          serial_shops, nicolae_shop_statue_plus, shop, shop,
          minmay_misc_feat_chi, dk_noncrumbling_2, serial_bayou_ford_a,
          nicolae_gozag_seed_capital, uniq_eustachio
D:7:      layout_loops_cross, uniq_joseph
Temple:   kb_corrupted_temple

Skill      XL: |  1  2  3  4  5  6  7  8  9 |
---------------+----------------------------+-----
Fighting       | 4 5 6 7 8 9 |  9.5
Maces & Flails | 3 4 |  4.9
Stealth        | 1 3 6 8 |  8.0
Shields        | 5 6 8 |  8.2
Armour         | |  3.2

Action                   |  1- 3 |  4- 6 |  7- 9 || total
-------------------------+-------+-------+-------++-------
Melee: Flail             |   107 |   178 |       ||   285
       Dagger            |       |    55 |   504 ||   559
Throw: Dart              |       |       |     2 ||     2
  Use: Scroll            |       |       |     3 ||     3
  Eat: Chunk             |       |     6 |    17 ||    23
Armor: Scale mail        |    92 |   175 |    96 ||   363
       Chain mail        |       |       |   195 ||   195
Dodge: Dodged            |    54 |    98 |   170 ||   322
Block: Kite shield       |    88 |    63 |       ||   151
       Buckler           |       |    24 |   154 ||   178
